 Dungeon Crawl Stone Soup version 0.20-a0-526-g753eaab (webtiles) character file.

93395 KristoblXynda the Unseen (level 16, -19/92 HPs)
             Began as a Kobold Berserker on Jan 26, 2017.
             Was a High Priest of Trog.
             Demolished by Rupert
             ... wielding a +6 battleaxe of electrocution
              (31 damage)
             ... on level 2 of the Lair of Beasts.
             The game lasted 01:51:23 (29420 turns).

KristoblXynda the Unseen (Kobold Berserker)        Turns: 29420, Time: 01:51:24

Health: -19/92     AC: 17    Str: 21    XL:     16   Next: 56%
Magic:  17/25      EV: 25    Int:  9    God:    Trog [*****.]
Gold:   307        SH: 15    Dex: 23    Spells: 15/15 levels left

rFire    + + .     SeeInvis +   E - +1 quick blade of Havoc {pierce, Str+8 Int-2 Dex-3}
rCold    + . .     Gourm    .   Q - +1 fire dragon scales
rNeg     + . .     Faith    .   I - +2 buckler
rPois    +         Spirit   .   u - +1 helmet {SInv}
rElec    .         Reflect  +   (no cloak)
rCorr    .         Harm     .   q - +2 pair of gloves of Cowardice {rN+ MR- Str-4 Dex+8}
MR       .....                  (no boots)
Stlth    ++++......             B - +5 amulet of reflection
Regen    0.3/turn               L - ring "Uffaeh" {rC++ EV+4 Dex+2 Stlth-}
                                k - ring of poison resistance

@: silence, constricted, invisible
A: carnivore 3
a: Renounce Religion


You were on level 2 of the Lair of Beasts.
You worshipped Trog.
Trog was extremely pleased with you.
You were very full.

You visited 6 branches of the dungeon, and saw 26 of its levels.

You collected 2181 gold pieces.
You spent 1874 gold pieces at shops.

Inventory:

Hand Weapons
 f - a +4 scimitar of flaming
 E - the +1 quick blade of Havoc (weapon) {pierce, Str+8 Int-2 Dex-3}
   (Trog gifted it to you on level 2 of the Orcish Mines)

   It inflicts extra damage upon your enemies.
   It affects your strength (+8).
   It affects your intelligence (-2).
   It affects your dexterity (-3).
 G - a +2 short sword of holy wrath
Missiles
 b - 3 throwing nets (quivered)
Armour
 e - a +3 ring mail of cold resistance
 q - the +2 pair of gloves of Cowardice (worn) {rN+ MR- Str-4 Dex+8}
   (You found it on level 6 of the Dungeon)

   It affects your strength (-4).
   It affects your dexterity (+8).
   It protects you from negative energy.
   It affects your resistance to hostile enchantments.
 u - a +1 helmet of see invisible (worn)
 I - a +2 buckler (worn)
 Q - +1 fire dragon scales (worn)
Jewellery
 k - a ring of poison resistance (left hand)
 p - an uncursed ring of flight
 B - a +5 amulet of reflection (around neck)
 L - the ring "Uffaeh" (right hand) {rC++ EV+4 Dex+2 Stlth-}
   (You bought it in a shop on level 2 of the Orcish Mines)

   [ring of evasion]

   It affects your evasion (+4).
   It affects your dexterity (+2).
   It greatly protects you from cold.
   It makes you less stealthy.
Wands
 N - a wand of disintegration (14/24)
Scrolls
 l - a scroll of blinking
 x - 2 scrolls of recharging
 z - a scroll of magic mapping
 M - 3 scrolls of teleportation
Potions
 a - 5 potions of curing
 d - a potion of heal wounds {unknown}
 g - a potion of cancellation
 i - a potion of lignification
 j - 6 potions of flight
 m - a potion of invisibility
 o - a potion of magic
 r - 3 potions of brilliance
 s - 2 potions of might
 t - 6 potions of agility
 A - a potion of resistance
 J - a potion of ambrosia {unknown}
 K - a potion of mutation
Books
 y - a book of Minor Magic

   Spells                             Type                      Level
   a - Magic Dart                     Conjuration                  1
   b - Blink                          Translocation                2
   c - Call Imp                       Summoning                    2
   d - Repel Missiles                 Charms/Air                   2
   e - Slow                           Hexes                        2
   f - Conjure Flame                  Conjuration/Fire             3
   g - Mephitic Cloud                 Conjuration/Poison/Air       3
   Trog disapproves of the use of such an item.
 D - a book of Minor Magic

   Spells                             Type                      Level
   a - Magic Dart                     Conjuration                  1
   b - Blink                          Translocation                2
   c - Call Imp                       Summoning                    2
   d - Repel Missiles                 Charms/Air                   2
   e - Slow                           Hexes                        2
   f - Conjure Flame                  Conjuration/Fire             3
   g - Mephitic Cloud                 Conjuration/Poison/Air       3
   Trog disapproves of the use of such an item.
Miscellaneous
 h - a phantom mirror
 v - a sack of spiders
 w - a phial of floods
Comestibles
 c - 12 meat rations
 n - 8 royal jellies


   Skills:
 - Level 7.1 Fighting
 - Level 15.2(15.7) Short Blades
 + Level 4.0(7.8) Long Blades
 - Level 2.5 Throwing
 + Level 8.3 Armour
 - Level 13.3 Dodging
 - Level 18.4 Stealth
 - Level 7.7 Shields
 + Level 12.6 Evocations


You had 15 spell levels left.
You didn't know any spells.

Dungeon Overview and Level Annotations

Branches:
Dungeon (15/15)            Temple (1/1) D:6            Lair (6/6) D:11
 Shoals (1/4) Lair:3        Snake (1/4) Lair:2          Orc (2/2) D:12
    Elf (0/3) Orc:2        Vaults (0/5) D:14         Depths (0/5) D:15
  Slime: Lair:5-6

Altars:
Ashenzari
Cheibriados
Dithmenos
Elyvilon
Fedhas
Gozag
Hepliaklqana
Kikubaaqudgha
Makhleb
Nemelex Xobeh
Okawaru
Qazlal
Ru
Sif Muna
Trog
Uskayaw
Vehumet
Xom
Yredelemnul
Zin
The Shining One
Beogh
Jiyva

Shops:
D:13 (   Orc:1 ?   Orc:2 ::%(==*

Annotations:
Lair:2 Rupert
Lair:6 exclusion: 4 oklob plants
Snake:1 Nikola


Innate Abilities, Weirdness & Mutations

You are small and have problems with some larger weapons.
You are carnivorous and can eat meat at any time.


Message History

You block Rupert's attack. You block the salamander's attack.
The naga warrior spits poison at you. The splash of poison misses you.
The mana viper bites you but does no damage.
The mana viper barely misses you. You block the mana viper's attack.
Rupert hits you with a battleaxe of electrocution!!
* * * LOW HITPOINT WARNING * * *
You block the mana viper's attack.
The naga warrior hits you with a dire flail!
* * * LOW HITPOINT WARNING * * *
The naga warrior grabs you.
* * * LOW HITPOINT WARNING * * *
The naga warrior constricts you.
You fade into invisibility!
The salamander misses you. You block the naga warrior's attack.
* * * LOW HITPOINT WARNING * * *
The naga warrior constricts you.
Rupert hits you with a battleaxe of electrocution!!
You die...

# ###.## ###
#.#........... # #...#
###.## ####.......... #
#..##
##....######..........
##..##
#........##...........
#..#.#
###...###[....P........
##..###
#.......#....#P........
##..###
###.....).#.).....##....?
##....#
#P.....N.........###.....
#....####.....S@@........#
##.#.. ...###
#.......N...>.....# ####.
...# ##.#.)..S..#....###
#. ..## #.#.......#...P#
##
..#######.###...###....# #
...#.##........## ###### #
....#.#....##.## #
...........#### #
..#PP.....## #


You could see Rupert (berserk), a naga warrior, a salamander and 2 mana vipers.

Vanquished Creatures
  Gastronok (Lair:3)
  Agnes (D:14)
  Kirke (D:14)
  Fannar (D:11)
  5 hydras
  An ice dragon (D:15)
  5 centaur warriors
  9 two-headed ogres
  2 ogre magi
  The ghost of KristoblXynda the Spear-Bearer, a novice CeMo (D:8)
  2 tengu warriors (D:13)
  Urug (D:13)
  Sonja (D:14)
  An iron troll (Orc:2)
  5 skeletal warriors (D:13)
  A wizard (D:14)
  4 unseen horrors
  A sea snake (Lair:6)
  An orc knight (Orc:1)
  A harpy (Lair:6)
  A necromancer (Lair:4)
  3 cyclopes
  4 deep elf magi
  An orc sorcerer (Orc:1)
  5 ugly things
  7 manticores
  A merfolk siren (Lair:3)
  11 elephants
  A naga mage (Lair:2)
  11 spiny frogs
  2 black mambas
  3 gargoyles
  11 rime drakes
  2 efreet
  13 komodo dragons
  2 merfolk (Lair:3)
  A wind drake (Lair:6)
  12 blink frogs
  2 hornets (D:12)
  3 meliai (D:14)
  9 trolls
  7 polar bears
  11 hippogriffs
  7 slime creatures
  2 meliai zombies
  17 wyverns
  Eustachio (D:6)
  A water elemental (D:11)
  Sigmund (D:6)
  A wraith (D:15)
  28 yaks
  4 basilisks
  A steam dragon (Lair:4)
  3 hungry ghosts
  Menkaure (D:7)
  2 nagas (Lair:2)
  2 vampire mosquitoes (D:12)
  11 water moccasins
  An acid dragon (D:11)
  2 wargs
  4 porcupines
  11 orc warriors
  5 black bears
  2 elephant zombies (Lair:4)
  3 sky beasts
  2 swamp drakes
  4 ice beasts
  5 phantoms
  An eye of draining (D:8)
  13 wolves (Lair:5)
  17 ogres
  9 centaurs
  14 crocodiles
  Blork the orc (D:6)
  A komodo dragon zombie (Lair:4)
  11 bullfrogs
  A wyvern zombie (D:11)
  3 scorpions
  2 wyvern skeletons (D:14)
  16 killer bees
  A water moccasin skeleton (D:6)
  11 wights
  5 electric eels
  4 howler monkeys
  6 crimson imps
  A quasit (D:8)
  3 bullfrog zombies
  3 centaur zombies
  8 hounds
  8 jellies
  15 orc priests
  A basilisk zombie (Lair:4)
  21 orc wizards
  2 bullfrog skeletons
  5 centaur skeletons
  An iron imp (Orc:2)
  11 iguanas
  10 worker ants
  A killer bee zombie (D:7)
  A hound zombie (D:9)
  A worker ant zombie (D:11)
  Robin (D:3)
  A howler monkey skeleton (D:10)
  13 adders
  A gnoll (Orc:1)
  3 shadow imps
  A white imp (Orc:2)
  2 oozes
  An adder zombie (D:7)
  A worm (D:2)
  2 dart slugs (D:4)
  A leopard gecko (D:8)
  64 orcs
  10 bats
  10 giant cockroaches
  13 goblins
  12 hobgoblins
  16 jackals
  7 kobolds
  3 quokkas
  6 frilled lizards
  A leopard gecko skeleton (D:5)
  A quokka skeleton (D:9)
  15 rats
  A fungus (Lair:6)
683 creatures vanquished.

Vanquished Creatures (collateral kills)
  An ettin (Orc:2)
  A fire dragon (D:15)
  A catoblepas (Lair:6)
  4 two-headed ogres (Orc:2)
  A tengu warrior (D:14)
  A deep troll (Orc:2)
  A cyclops (Orc:2)
  3 ugly things (D:14)
  An elephant (Lair:5)
  A spiny frog (Lair:6)
  A komodo dragon (Lair:2)
  3 trolls (Orc:2)
  A tengu conjurer (D:14)
  A hippogriff (Lair:2)
  12 yaks
  A hog (D:14)
  An orc warrior (Orc:1)
  6 ogres (Orc:2)
  A crocodile (Lair:5)
  An orc wizard (Orc:1)
  An iguana (Lair:2)
  3 gnolls (Orc:1)
  6 orcs
53 creatures vanquished.

Vanquished Creatures (others)
  A centaur (D:15)
  2 orc wizards (Orc:2)
  An orc (D:14)
  30 fungi
  29 plants
63 creatures vanquished.

Grand Total: 799 creatures vanquished

Notes
Turn   | Place    | Note
-------+----------+-------------------------------------------
     0 | D:1      | KristoblXynda the Kobold Berserker began the quest for the Orb.
     0 | D:1      | Reached XP level 1. HP: 14/14 MP: 1/1
   383 | D:1      | Reached XP level 2. HP: 15/19 MP: 2/2
   385 | D:1      | Reached skill level 1 in Stealth
   566 | D:1      | Reached XP level 3. HP: 13/23 MP: 3/3
   753 | D:1      | Reached ** piety under Trog
   758 | D:1      | Reached skill level 5 in Short Blades
  1105 | D:2      | Reached skill level 2 in Stealth
  1176 | D:2      | Reached XP level 4. HP: 17/28 MP: 4/4
  1881 | D:2      | Reached skill level 3 in Stealth
  1881 | D:2      | Reached XP level 5. HP: 18/32 MP: 5/5
  2148 | D:2      | Found a stormy altar of Qazlal.
  2566 | D:3      | Noticed Robin
  2580 | D:3      | Reached *** piety under Trog
  2596 | D:3      | Killed Robin
  2620 | D:3      | Reached skill level 4 in Stealth
  2620 | D:3      | Reached XP level 6. HP: 23/37 MP: 6/6
  2984 | D:3      | Found a white marble altar of Elyvilon.
  3005 | D:3      | Found a shadowy altar of Dithmenos.
  3145 | D:3      | Noticed an ogre
  3152 | D:3      | Killed an ogre
  3152 | D:3      | Reached skill level 1 in Evocations
  3178 | D:3      | Reached skill level 5 in Stealth
  3248 | D:3      | Reached XP level 7. HP: 33/41 MP: 8/8
  3548 | D:4      | Reached **** piety under Trog
  3579 | D:4      | Found an iron altar of Okawaru.
  3678 | D:4      | Got a twitching jade ring
  3682 | D:4      | Identified the ring "Ydwog" {Fire Int+4} (You found it on level 4 of the Dungeon)
  4471 | D:5      | Entered Level 5 of the Dungeon
  4499 | D:5      | Reached skill level 6 in Stealth
  4772 | D:5      | Reached XP level 8. HP: 46/46 MP: 10/10
  5276 | D:5      | Noticed a two-headed ogre
  5304 | D:5      | Killed a two-headed ogre
  5304 | D:5      | Reached skill level 8 in Stealth
  5304 | D:5      | Reached XP level 9. HP: 10/51 MP: 11/13
  5812 | D:6      | Reached skill level 9 in Stealth
  5825 | D:6      | Noticed Sigmund
  5833 | D:6      | Killed Sigmund
  5921 | D:6      | Found a staircase to the Ecumenical Temple.
  5924 | D:6      | Reached skill level 10 in Short Blades
  5977 | Temple   | Entered the Ecumenical Temple
  6108 | D:6      | Noticed Blork the orc
  6137 | D:6      | Killed Blork the orc
  6187 | D:6      | Got a pair of ichor-stained gloves
  6193 | D:6      | Found a hazy altar of Hepliaklqana.
  6378 | D:6      | Identified the +2 pair of gloves of Cowardice {rN+ MR- Str-4 Dex+8} (You found it on level 6 of the Dungeon)
  6523 | D:6      | Noticed Eustachio
  6530 | D:6      | Killed Eustachio
  6732 | D:7      | Reached skill level 10 in Stealth
  6779 | D:7      | Reached skill level 5 in Dodging
  6920 | D:7      | Reached XP level 10. HP: 56/56 MP: 15/15
  6973 | D:7      | Noticed Menkaure
  6986 | D:7      | Killed Menkaure
  7363 | D:7      | Reached ***** piety under Trog
  7790 | D:7      | Reached skill level 11 in Stealth
  8202 | D:8      | Noticed a two-headed ogre
  8202 | D:8      | Noticed KristoblXynda's ghost (novice CeMo)
  8210 | D:8      | Killed a two-headed ogre
  8234 | D:8      | Killed KristoblXynda's ghost
  8234 | D:8      | Reached skill level 5 in Armour
  8394 | D:8      | Reached skill level 12 in Stealth
  9109 | D:8      | Reached XP level 11. HP: 60/60 MP: 16/16
  9149 | D:8      | Got a polished flail
  9150 | D:8      | Identified the cursed +1 flail "Hydra's Death Toll" {freeze, rElec rF+} (You found it on level 8 of the Dungeon)
  9557 | D:9      | Found a glowing golden altar of the Shining One.
 10200 | D:9      | Received a gift from Trog
 10500 | D:9      | Reached skill level 13 in Stealth
 10669 | D:10     | Entered Level 10 of the Dungeon
 10688 | D:10     | Got a jewelled trident
 10697 | D:10     | Found a basalt altar of Yredelemnul.
 11990 | D:11     | Noticed Fannar
 12031 | D:11     | Killed Fannar
 12043 | D:11     | Received a gift from Trog
 12134 | D:11     | Found a bloodstained altar of Trog.
 12205 | D:11     | Noticed a cyan ugly thing
 12237 | D:11     | Killed a cyan ugly thing
 12237 | D:11     | Reached skill level 10 in Dodging
 12418 | D:11     | Reached skill level 14 in Stealth
 12518 | D:11     | Reached skill level 10 in Evocations
 12518 | D:11     | Reached XP level 12. HP: 51/64 MP: 19/19
 12524 | D:11     | Found a staircase to the Lair.
 13531 | D:12     | Found a staircase to the Orcish Mines.
 13653 | Lair:1   | Entered Level 1 of the Lair of Beasts
 13821 | Lair:1   | Reached skill level 15 in Stealth
 13973 | Lair:1   | Reached skill level 5 in Fighting
 14959 | Lair:2   | Found a staircase to the Snake Pit.
 14962 | Lair:2   | Reached skill level 16 in Stealth
 15165 | Lair:2   | Reached XP level 13. HP: 62/74 MP: 21/21
 15266 | Lair:2   | Noticed a four-headed hydra
 15272 | Lair:2   | Killed a four-headed hydra
 15617 | Lair:2   | Reached skill level 1 in Throwing
 16381 | Lair:3   | Found a staircase to the Shoals.
 16396 | Lair:3   | Noticed Gastronok
 16397 | Lair:3   | Noticed a seven-headed hydra
 16575 | Lair:3   | Killed a seven-headed hydra
 16595 | Lair:3   | Killed Gastronok
 17777 | Lair:3   | Received a gift from Trog
 17849 | Shoals:1 | Entered Level 1 of the Shoals
 17849 | Shoals:1 | Noticed a merfolk impaler
 18004 | Lair:4   | Got a pitted spear
 18007 | Lair:4   | Identified the +9 spear "Jotat" {drain, rElec rPois rC++ Str-3} (You found it on level 4 of the Lair of Beasts)
 18229 | Lair:4   | Reached skill level 1 in Shields
 18351 | Lair:4   | Noticed a four-headed hydra
 18363 | Lair:4   | Killed a four-headed hydra
 18458 | Lair:4   | Reached XP level 14. HP: 57/80 MP: 22/22
 20031 | Lair:5   | Reached skill level 5 in Shields
 20710 | Lair:5   | Reached skill level 15 in Short Blades
 20815 | Lair:6   | Entered Level 6 of the Lair of Beasts
 21537 | Lair:6   | Noticed a dire elephant
 21551 | Lair:6   | Received a gift from Trog
 21873 | Lair:5   | Reached XP level 15. HP: 86/86 MP: 23/23
 22283 | Orc:1    | Entered Level 1 of the Orcish Mines
 22283 | Orc:1    | Found Muasa's Magic Scroll Boutique.
 22315 | Orc:1    | Received a gift from Trog
 22344 | Orc:1    | Bought a scroll of identify for 26 gold pieces
 22344 | Orc:1    | Bought a scroll of teleportation for 39 gold pieces
 22344 | Orc:1    | Bought a scroll of teleportation for 39 gold pieces
 22613 | Orc:1    | Found a roughly hewn altar of Beogh.
 22754 | Orc:2    | Entered Level 2 of the Orcish Mines
 22756 | Orc:2    | Found Lisuj's Food Shop.
 23013 | D:12     | Reached skill level 17 in Stealth
 23182 | D:13     | Found Yfibrokky's Antique Weapon Emporium.
 23245 | D:13     | Bought a twisted broad axe for 216 gold pieces
 23252 | D:13     | Identified the +9 broad axe of Dung {antimagic, Dex+3} (You bought it in a shop on level 13 of the Dungeon)
 23698 | Orc:2    | Found Doluutywn's Antique Weapon Boutique.
 23698 | Orc:2    | Found Poepp's Book Boutique.
 23698 | Orc:2    | Found Menioqoo's Book Emporium.
 24350 | Orc:2    | Received a gift from Trog
 24353 | Orc:2    | Got a bloodstained quick blade {god gift}
 24354 | Orc:2    | Identified the +1 quick blade of Havoc {pierce, Str+8 Int-2 Dex-3} (Trog gifted it to you on level 2 of the Orcish Mines)
 24564 | Orc:2    | Reached skill level 18 in Stealth
 24605 | Orc:2    | Found a staircase to the Elven Halls.
 24725 | Orc:2    | Found Rarakk's Jewellery Shop.
 24755 | Orc:2    | Bought a +5 amulet of reflection for 618 gold pieces
 24768 | Orc:2    | Found Hucesk's General Store.
 24768 | Orc:2    | Found Enguelar's Jewellery Shoppe.
 24776 | Orc:2    | Bought a sack of spiders for 240 gold pieces
 25180 | Orc:2    | Bought the ring "Uffaeh" {rC++ EV+4 Dex+2 Stlth-} for 696 gold pieces
 25700 | D:13     | Noticed Urug
 25762 | D:13     | Killed Urug
 26173 | D:13     | Received a gift from Trog
 26442 | D:13     | Reached skill level 1 in Long Blades
 26466 | D:13     | Reached XP level 16. HP: 92/92 MP: 8/24
 27019 | D:14     | Noticed Sonja
 27062 | D:14     | Killed Sonja
 27232 | D:14     | Gained mutation: You possess an exceptional clarity of mind. [mutagenic meat]
 27233 | D:14     | Gained mutation: Armour fits poorly on your strangely shaped body. [mutagenic meat]
 27234 | D:14     | Gained mutation: Your flesh is heat resistant. (rF+) [mutagenic meat]
 27297 | D:14     | Noticed Kirke
 27299 | D:14     | Noticed Agnes
 27357 | D:14     | Gained mutation: Potions are less effective at restoring your health. [mutagenic meat]
 27358 | D:14     | Gained mutation: You have a pair of small horns on your head. [mutagenic meat]
 27615 | D:14     | Killed Agnes
 27877 | D:14     | Found a gate to the Vaults.
 27891 | D:14     | Lost mutation: Armour fits poorly on your strangely shaped body. [potion of cure mutation]
 27891 | D:14     | Lost mutation: You have a pair of small horns on your head. [potion of cure mutation]
 27891 | D:14     | Lost mutation: You possess an exceptional clarity of mind. [potion of cure mutation]
 27891 | D:14     | Lost mutation: Potions are less effective at restoring your health. [potion of cure mutation]
 27891 | D:14     | Lost mutation: Your flesh is heat resistant. (rF+) [potion of cure mutation]
 27927 | D:14     | Killed Kirke
 28041 | D:15     | Entered Level 15 of the Dungeon
 28376 | D:15     | Found a staircase to the Depths.
 28499 | D:15     | Found a viscous altar of Jiyva.
 29396 | Snake:1  | Entered Level 1 of the Snake Pit
 29405 | Snake:1  | Noticed Rupert
 29409 | Snake:1  | Paralysed by Rupert for 3 turns
 29416 | Snake:1  | Noticed Nikola
 29420 | Lair:2   | Demolished by Rupert

Vault maps used:
D:1:      roderic_chinese_lattice_arrival, minmay_misc_feat_cross,
          minmay_tetromino_l2
D:2:      lemuel_round_altar
D:3:      lemuel_doored_altar, grunt_dithmenos_smoke, uniq_robin
D:4:      okawaru_metal_pillars_3
D:5:      first_bread
D:6:      old_standard_altar, minmay_temple_entry_butterflies, uniq_eustachio,
          uniq_blork_the_orc, uniq_sigmund
D:7:      grunt_ogre_cave, uniq_menkaure
D:9:      lemuel_round_altar
D:10:     basic_altar
D:11:     lair_entry_dummy, basic_altar, nrook_pool_corridor, uniq_fannar
D:12:     orc_0_dummy
D:13:     serial_shops, shop_statue, uniq_urug
D:14:     david_vaults_1, uniq_kirke, uniq_sonja, uniq_agnes
D:15:     grunt_enter_depths_hoard, small_statue_alley_a, jiyva_altar_1
Temple:   lightli_temple_of_artemis
Lair:1:   infiniplex_staircase_pool, grunt_megastairs_5
Lair:2:   beast_lair_carwin_large_4, minmay_snake_entry_guardpost_small,
          serial_bayou_shore_b, lemuel_fruit_fields
Lair:3:   elwin_shoals_entry_stream, uniq_gastronok
Lair:4:   pond_and_an_island_with_a_cottage, special_room, hibernation_bobbens
Lair:5:   beast_lair_carwin_4, grunt_megastairs_4, infiniplex_staircase_pool_2
Lair:6:   gammafunk_lair_ancient_temple, slime_altar_2,
          minmay_lair_oklob_chamber
Shoals:1: yaktaur_hedge
Snake:1:  portal_ice_cave_entry_dragon, uniq_roxanne, uniq_rupert, uniq_azrael,
          uniq_nikola
Orc:1:    basic_altar, serial_shops, shop
Orc:2:    st_orc_open, serial_shops, shop, nicolae_shop_crystal, shop,
          hangedman_minor_magic

Skill      XL: |  1  2  3  4  5  6  7  8  9 10 11 12 13 14 15 16 |
---------------+-------------------------------------------------+-----
Stealth        | 1 2 3 4 5 6 8 10 12 14 16 18 | 18.4
Short Blades   | 5 6 8 9 10 13 15 | 15.2
Dodging        | 3 4 5 8 10 11 13 | 13.3
Evocations     | 1 3 6 7 10 11 12 | 12.6
Armour         | 3 5 6 7 8 |  8.3
Fighting       | 6 7 |  7.1
Throwing       | 2 |  2.5
Shields        | 2 6 7 |  7.7
Long Blades    | 1 4 |  4.0

Action                   |  1- 3 |  4- 6 |  7- 9 | 10-12 | 13-15 | 16-18 || total
-------------------------+-------+-------+-------+-------+-------+-------++-------
Melee: Short sword       |    31 |       |       |    55 |  1427 |       ||  1513
       Dagger            |   114 |   196 |   420 |  1173 |   691 |       ||  2594
       Quick blade       |       |       |       |       |   464 |   678 ||  1142
       Headbutt          |       |       |       |       |       |    35 ||    35
Throw: Throwing net      |       |       |       |       |     1 |       ||     1
Invok: Berserk           |       |     2 |     7 |    16 |    35 |     3 ||    63
       Trog's Hand       |       |       |       |     4 |     7 |     1 ||    12
       Brothers in Arms  |       |       |       |       |     6 |     3 ||     9
Evoke: Wand              |       |       |     4 |    17 |    62 |       ||    83
       Phial of floods   |       |       |       |       |     3 |     1 ||     4
  Use: Scroll            |       |       |    10 |    12 |    19 |     5 ||    46
       Potion            |       |       |     1 |     1 |     1 |     3 ||     6
 Stab: Sleeping          |     4 |     4 |    17 |    35 |    33 |     9 ||   102
       Distracted        |       |     1 |       |     7 |     9 |     1 ||    18
       Confused          |       |       |       |     6 |    19 |       ||    25
       Held in net/web   |       |       |       |       |     1 |       ||     1
  Eat: Chunk             |     3 |    15 |    14 |    46 |    73 |    18 ||   169
Armor: Animal skin       |    13 |    18 |    29 |     6 |       |       ||    66
       Leather armour    |       |       |       |    33 |       |       ||    33
       Acid dragon scale |       |       |       |    21 |    60 |       ||    81
       Robe              |       |       |       |     2 |       |       ||     2
       Ring mail         |       |       |       |       |   134 |    26 ||   160
       Fire dragon scale |       |       |       |       |       |    10 ||    10
Dodge: Dodged            |    84 |   104 |   117 |   518 |  1208 |   220 ||  2251
Block: Buckler           |       |       |       |       |   673 |   238 ||   911
       Reflection        |       |       |       |       |     2 |    17 ||    19
